 Dungeon Crawl Stone Soup version 0.17-b1-25-g6d8775f (webtiles) character file.

2528 radek the Charmwright (level 9, -2/62 HPs)
             Began as a Demigod Conjurer on Nov 5, 2015.
             Slain by an ogre
             ... wielding a +0 giant club
              (27 damage)
             ... on level 7 of the Dungeon.
             The game lasted 00:33:44 (10706 turns).

radek the Charmwright (Demigod Conjurer)           Turns: 10706, Time: 00:33:44

Health: -2/62      AC: 10    Str: 11    XL:     9   Next: 8%
Magic:  1/17       EV: 12    Int: 25    God:
Gold:   370        SH:  8    Dex: 19    Spells: 2 memorised, 8 levels left

rFire  x . .     SeeInvis .     r - +3 mace (protect)
rCold  + . .     Clarity  .     a - +0 robe
rNeg   . . .     SustAt   +     v - +2 buckler
rPois  .         Gourm    .     L - +0 helmet
rElec  .         Spirit   .     l - +0 cloak (curse)
rCorr  .         Warding  .     (no gloves)
rMut   .         Stasis   .     o - +0 pair of boots
MR     .....                    (no amulet)
Stlth  ++........               q - +3 ring of dexterity
                                n - ring of ice

@: not resistant to hostile enchantments, unstealthy
A: high mp 1, sustain attributes
a: no special abilities


You were on level 7 of the Dungeon.
You were not hungry.

You visited 1 branch of the dungeon, and saw 8 of its levels.

You collected 370 gold pieces.

Inventory:

Hand Weapons
 d - a +0 hand axe
 g - a +2 dagger of electrocution
 r - a +3 mace of protection (weapon)
 J - a +1 dagger of venom
Armour
 a - a +0 robe (worn)
 l - a cursed +0 cloak (worn)
 o - a +0 pair of boots (worn)
 v - a +2 buckler (worn)
 L - a +0 helmet (worn)
Jewellery
 n - a ring of ice (left hand)
 q - a +3 ring of dexterity (right hand)
Wands
 y - a wand of fireball (6)
 H - a wand of magic darts (16)
 N - a wand of cold (5)
Scrolls
 e - a scroll of blinking {unknown}
 i - a scroll of noise {unknown}
 j - 8 scrolls of identify
 m - a scroll of enchant weapon
 t - a scroll of magic mapping {unknown}
 x - a scroll of teleportation {unknown}
 B - 3 scrolls of remove curse
 C - 2 scrolls of recharging {unknown}
 G - 2 scrolls of random uselessness {unknown}
 K - a scroll of immolation {unknown}
Potions
 h - a potion of mutation {unknown}
 p - a potion of ambrosia {unknown}
 s - 2 potions of might {unknown}
 u - a potion of degeneration {unknown}
 w - a potion of brilliance {unknown}
 z - a potion of flight {unknown}
 A - a potion of lignification {unknown}
 E - 2 potions of resistance {unknown}
 F - a potion of haste {unknown}
 I - a potion of invisibility
 M - a potion of poison {unknown}
Books
 b - a book of Conjurations

   Spells                             Type                      Level
   a - Magic Dart                     Conjuration                  1
   b - Searing Ray                    Conjuration                  2
   c - Dazzling Spray                 Conjuration/Hexes            3
   d - Fulminant Prism                Conjuration/Hexes            4
   e - Iskenderun's Mystic Blast      Conjuration                  4
   f - Iskenderun's Battlesphere      Conjuration/Charms           5
 D - a book of Debilitation

   Spells                             Type                      Level
   a - Corona                         Hexes                        1
   b - Slow                           Hexes                        2
   c - Gell's Gravitas                Hexes/Translocation          3
   d - Inner Flame                    Hexes/Fire                   3
   e - Cause Fear                     Hexes                        4
   f - Leda's Liquefaction            Hexes/Earth                  4
Comestibles
 c - 5 bread rations
 k - 3 fruits


   Skills:
 - Level 1.7 Dodging
 - Level 1.7 Stealth
 - Level 5.5 Shields
 + Level 3.1 Spellcasting
 - Level 6.7 Conjurations
 * Level 7.7 Charms


You had 8 spell levels left.
You knew the following spells:

 Your Spells              Type           Power        Failure   Level  Hunger
a - Magic Dart            Conj           ####         1%          1    None
b - Iskenderun's Battles  Conj/Chrm      #####...     14%         5    ######.


Dungeon Overview and Level Annotations

Branches:
Dungeon (8/15)             Temple (0/1) D:6
   Lair: D:8-11

Annotations:
D:3 exclusion: player ghost, radek's ghost, amateur DgCj
D:6 George's ghost, novice DsGl
D:7 SaintRoka's ghost, novice NaFi


Innate Abilities, Weirdness & Mutations

You have an increased reservoir of magic (+10% MP).
Your attributes are resistant to harm.


Message History

Confirm with . or Enter, or press ? or * to list all spells.
Aiming: Magic Dart
Press: ? - help, Shift-Dir - straight line, f/p - SaintRoka's ghost
Aim: SaintRoka's ghost, wielding a vorpal weapon (moderately damaged)
The magic dart hits SaintRoka's ghost.
SaintRoka's ghost is moderately damaged.
Your battlesphere fires!
The barrage of energy hits SaintRoka's ghost.
SaintRoka's ghost is moderately damaged.
SaintRoka's ghost hits you. The ogre closely misses you.
Casting: Magic Dart
Confirm with . or Enter, or press ? or * to list all spells.
You don't have enough magic to cast that spell.
You thump the ogre!
The ogre is heavily wounded.
SaintRoka's ghost hits you! The ogre hits you with a giant club.
You hit the ogre.
The ogre is severely wounded.
SaintRoka's ghost hits you! The ogre hits you with a giant club!!
You die...

###..........# ##...
#####............#
##..
#................#
#..
##.####..........#
#.. ### #..........#
### #..........#
#####......# #
##.O.##...# .
###.@W####..# .#
##.*.### #..###.
###.....#####...##.
###
##..........##..###.
##..
#............#..#
#.##...
#............#..#
#ยง.....
#............#..#
###....
#............#..#
#.....
##............#W.#
##.....


You could see an ogre and SaintRoka's ghost.

Vanquished Creatures
  Sigmund (D:6)
  Eustachio (D:6)
  A black bear (D:7)
  An orc warrior (D:6)
  A necrophage (D:6)
  A sky beast (D:6)
  An ogre (D:6)
  2 phantoms
  A centaur (D:6)
  The ghost of 4thArraOfDagon the Bolt Thrower, an amateur HEHu (D:5)
  Blork the orc (D:4)
  2 giant frogs
  3 scorpions
  4 crimson imps
  5 orc wizards
  2 jellies
  A centaur skeleton (D:6)
  3 hounds
  4 iguanas
  5 orc priests
  7 worker ants
  A worker ant zombie (D:6)
  8 adders
  2 shadow imps (D:7)
  An adder skeleton (D:6)
  6 worms
  4 giant geckos
  19 orcs
  3 ball pythons
  6 bats
  A bat zombie (D:6)
  8 goblins
  10 hobgoblins
  7 jackals
  9 kobolds
  A quokka (D:6)
  12 giant cockroaches
  A giant gecko zombie (D:5)
  3 giant newts
  A jackal skeleton (D:7)
  A quokka skeleton (D:5)
  9 rats
  A rat zombie (D:6)
162 creatures vanquished.

Notes
Turn   | Place    | Note
--------------------------------------------------------------
     0 | D:1      | radek the Demigod Conjurer began the quest for the Orb.
     0 | D:1      | Reached XP level 1. HP: 14/14 MP: 5/5
   116 | D:1      | Reached skill level 4 in Conjurations
   120 | D:1      | Reached XP level 2. HP: 14/20 MP: 0/7
   854 | D:2      | Reached XP level 3. HP: 26/26 MP: 3/8
  1225 | D:2      | Reached skill level 5 in Conjurations
  1993 | D:3      | Noticed radek's ghost (amateur DgCj)
  2480 | D:3      | Reached XP level 4. HP: 33/33 MP: 6/9
  2710 | D:3      | Found an iron altar of Okawaru.
  3136 | D:3      | Found a shattered altar of Ashenzari.
  3569 | D:4      | Reached skill level 6 in Conjurations
  3569 | D:4      | Reached XP level 5. HP: 4/38 MP: 0/10
  3586 | D:4      | HP: 1/38 [poisoned by a scorpion]
  4034 | D:4      | Noticed a phantom
  4054 | D:4      | Killed a phantom
  4131 | D:4      | Learned a level 5 spell: Iskenderun's Battlesphere
  4244 | D:4      | Noticed Blork the orc
  4277 | D:4      | Killed Blork the orc
  4277 | D:4      | Reached skill level 1 in Charms
  4277 | D:4      | Reached XP level 6. HP: 18/45 MP: 0/11
  5288 | D:5      | Entered Level 5 of the Dungeon
  5397 | D:5      | Reached skill level 1 in Shields
  5407 | D:5      | Noticed 4thArraOfDagon's ghost (amateur HEHu)
  5507 | D:6      | Reached XP level 7. HP: 45/50 MP: 4/12
  5614 | D:6      | Found a glowing golden altar of the Shining One.
  6111 | D:6      | Noticed Eustachio
  6122 | D:6      | Killed Eustachio
  6122 | D:6      | Reached skill level 5 in Charms
  6240 | D:6      | Noticed Sigmund
  6259 | D:6      | Killed Sigmund
  6259 | D:6      | Reached XP level 8. HP: 57/57 MP: 4/13
  6363 | D:6      | Found a staircase to the Ecumenical Temple.
  6421 | D:6      | Found an ancient bone altar of Kikubaaqudgha.
  6666 | D:6      | Noticed George's ghost (novice DsGl)
  6810 | D:5      | Killed 4thArraOfDagon's ghost
  7045 | D:5      | Reached skill level 5 in Shields
  7552 | D:5      | Found a burning altar of Makhleb.
  9058 | D:7      | Reached skill level 7 in Charms
  9289 | D:7      | Found an opulent altar of Gozag.
  9332 | D:7      | Noticed SaintRoka's ghost (novice NaFi)
  9671 | D:6      | HP: 1/57 [orc warrior/hand axe (8)]
 10254 | D:7      | Reached XP level 9. HP: 62/62 MP: 11/16
 10706 | D:7      | Slain by an ogre

Action                   |  1- 3 |  4- 6 |  7- 9 || total
-------------------------+-------+-------+-------++-------
Melee: Hand axe          |     6 |       |       ||     6
       Dagger            |     9 |       |       ||     9
       Mace              |       |    14 |    35 ||    49
 Cast: Magic Dart        |   114 |   143 |   271 ||   528
       Iskenderun's Batt |       |       |    18 ||    18
Evoke: Wand              |       |       |     5 ||     5
  Use: Scroll            |       |     4 |       ||     4
       Potion            |       |     2 |     2 ||     4
  Eat: Chunk             |     4 |     7 |    13 ||    24
       Bread ration      |     1 |       |     1 ||     2
       Beef jerky        |       |     1 |       ||     1
       Meat ration       |       |       |     2 ||     2
       Fruit             |       |       |     1 ||     1
